 Seeded DCSS version 0.31-a0-325-g067879e3d3 (webtiles) character file.

Game seed: 14215367866634240820 (custom seed)

110 innerfire43 the Chopper (level 4, 0/35 HPs)
             Began as a Demonspawn Chaos Knight on July 18, 2023.
             Was a Plaything of Xom.
             Slain by an orc
             ... wielding a +0 war axe
              (8 damage)
             ... on level 3 of the Dungeon.
             The game lasted 00:01:58 (1500 turns).

innerfire43 the Chopper (Demonspawn Chaos Knight)   Turns: 1500, Time: 00:01:58

Health: 0/35       AC:  8    Str: 14    XL:     4   Next: 61%
Magic:  4/4        EV: 12    Int: 14    God:    Xom [*.....]
Gold:   94         SH:  0    Dex: 12    Spells: 3/3 levels left

rFire   . . .        a - +0 hand axe (chaos)
rCold   . . .        (no shield)
rNeg    . . .        b - +2 leather armour
rPois   .            j - +2 helmet
rElec   .            (no cloak)
rCorr   .            (no gloves)
SInv    .            (no boots)
Will    .....        (no amulet)
Stlth   +            (no ring)
HPRegen 0.25/turn    (no ring)
MPRegen 0.18/turn

%: no passive effects
@: no status effects
A: magic regeneration, demonic magic 1
a: Renounce Religion


You were on level 3 of the Dungeon.
You worshipped Xom.
You were a special plaything of Xom.
You visited 1 branch of the dungeon, and saw 3 of its levels.

You collected 94 gold pieces.

Inventory:

Hand Weapons
 a - a +0 hand axe of chaos (weapon)
Missiles
 g - 5 silver javelins (quivered)
Armour
 b - a +2 leather armour (worn)
 j - a +2 helmet (worn)
Scrolls
 d - a scroll of enchant weapon {unknown}
 e - a scroll of fog {unknown}
 i - a scroll of amnesia {unknown}
 k - a scroll of enchant armour {unknown}
 l - a scroll of poison {unknown}
Potions
 f - a potion of curing {unknown}
 h - a potion of ambrosia {unknown}
 m - a potion of berserk rage {unknown}
Miscellaneous
 c - a piece from Xom's chessboard (15/15)


   Skills:
 - Level 3.0 Fighting
 + Level 3.3 Axes
 + Level 2.6 Armour
 * Level 2.9 Dodging


You had 3 spell levels left.
You didn't know any spells.
Your spell library contained the following spells:

 Spells                   Type           Power      Damage    Failure   Level
 Sandblast                Erth           0%         2d4       34%         1
 Passwall                 Tmut/Erth      0%         N/A       47%         2
 Stone Arrow              Conj/Erth      0%         3d7       71%         3


Dungeon Overview and Level Annotations

Branches:
Dungeon (3/15)

Altars:


Innate Abilities, Weirdness & Mutations

You regenerate magic rapidly.
Spells you cast may paralyse adjacent enemies.


Message History

You barely miss the orc.
The orc priest calls upon Beogh to heal the orc.
The orc's wounds heal themselves!
The orc closely misses you.
You closely miss the orc priest.
The orc priest is moderately wounded.
You completely miss the orc. Xom almost notices you.
Your leather armour briefly grows fur, then returns to normal.
You are now a special plaything of Xom.
The orc priest begins to cast a cantrip, but forgets the words!
The orc barely misses you.
You hit the orc priest but do no damage.
The orc priest is moderately wounded.
You barely miss the orc. Xom grants you some temporary aid.
The orc priest hits you with a +0 dagger.
* * * LOW HITPOINT WARNING * * *
The orc misses you.
You hit the orc priest. You burn the orc priest.
The orc priest is severely wounded.
You hit the orc but do no damage.
The orc seems to slow down.
The orc is no longer moving slowly.
The orc priest hits you with a +0 dagger.
* * * LOW HITPOINT WARNING * * *
Your ufetubus barely misses the orc priest. x2
The orc barely misses you.
Your quasit closely misses the orc priest. x2
Your quasit claws the orc priest but does no damage.
You barely miss the orc priest.
The orc priest is severely wounded.
You closely miss the orc.
Your ufetubus barely misses the orc priest. x2
Your quasit bites the orc priest but does no damage.
Your quasit barely misses the orc priest.
Your quasit closely misses the orc priest.
The orc priest hits you with a +0 dagger.
* * * LOW HITPOINT WARNING * * *
The orc hits you with a +0 war axe!
You die...
Xom yawns loudly!

#. #.
###############.
#.............'.
#.#####...#####.
#.# #...# #.
###.# ##### #.
##...# ## #5@###
.....55oo#
.....>5..+
.........#
.........#
.........#
.........#
.........#


You could see an orc priest (ally target), an orc, a friendly quasit (summoned),
a friendly white imp (summoned), a friendly shadow imp (summoned) and a friendly
ufetubus (summoned).

Vanquished Creatures
  4 gnolls (D:2)
  2 worms
  2 dart slugs
  2 orcs (D:3)
  4 ball pythons
  6 endoplasms
  A giant cockroach (D:1)
  7 goblins
  3 hobgoblins
  6 jackals (D:1)
  2 kobolds (D:1)
  4 quokkas (D:1)
  5 bats
  4 frilled lizards
  3 rats
55 creatures vanquished.

Notes
Turn   | Place    | Note
-------+----------+-------------------------------------------
     0 | D:1      | innerfire43 the Demonspawn Chaos Knight began the quest for
                  | the Orb.
     0 | D:1      | Reached XP level 1. HP: 18/18 MP: 1/1
    45 | D:1      | Reached skill level 1 in Dodging
    54 | D:1      | Gained mutation: You regenerate magic rapidly. [demonic
                  | ancestry]
    54 | D:1      | Reached XP level 2. HP: 9/24 MP: 2/2
   370 | D:1      | XOM: 4-stop teleportation journey
   455 | D:1      | Gained mutation: Spells you cast may paralyse adjacent
                  | enemies. [demonic ancestry]
   455 | D:1      | Reached XP level 3. HP: 25/29 MP: 3/3
   556 | D:1      | XOM: noise
   724 | D:1      | XOM: cloud trail
   995 | D:2      | Reached XP level 4. HP: 22/35 MP: 4/4
  1497 | D:3      | XOM: silly message
  1498 | D:3      | XOM: summons 4 friendly demons
  1500 | D:3      | Slain by an orc

Illustrated notes

Levels and vault maps discovered:
D:1:      dpeg_arrival_castle, layout_basic, serial_forest,
          infiniplex_forest_straight_2, infiniplex_forest_straight_3,
          infiniplex_forest_clump_double, infiniplex_forest_lined_1,
          infiniplex_forest_clump_small, infiniplex_forest_straight_2,
          infiniplex_forest_lined_3_way
D:2:      layout_rooms
D:3:      layout_basic, general_overflow_altar, uniq_terence

Skill      XL: |  1  2 |
---------------+-------+-----
Dodging        | 1 2 |  2.9
Armour         | 2 |  2.6
Axes           | 3 |  3.3
Fighting       | |  3.0

Action                     |  1- 3 |  4- 6 || total
---------------------------+-------+-------++-------
  Melee: Hand axe          |    78 |    51 ||   129
  Throw: Javelin           |     4 |       ||     4
   Stab: Paralysed         |     3 |       ||     3
         Sleeping          |     1 |       ||     1
         Distracted        |       |     1 ||     1
 Armour: Leather armour    |    41 |    18 ||    59
  Dodge: Dodged            |    77 |    42 ||   119

Table legend: (Time is in decaauts)
 A = Elapsed time spent in this place.
 B = Non-inter-level travel time spent in this place.
 C = Inter-level travel time spent in this place.
 D = Time resting spent in this place.
 E = Time spent auto-exploring this place.
 F = Levels seen in this place.
 G = Mean time per level.
                   A        B        C        D        E       F      G
               +--------+--------+--------+--------+--------+-----+--------+
         Total |   1524 |   1488 |     36 |      0 |   1179 |   3 |  508.0 |
       Dungeon |   1524 |   1488 |     36 |      0 |   1179 |   3 |  508.0 |
               +--------+--------+--------+--------+--------+-----+--------+

Top non-repeatable levels by time:
     D:1: 893 daAuts
     D:2: 512 daAuts
     D:3: 118 daAuts
